 Dungeon Crawl Stone Soup version 0.28-a0-1227-ga9037bb4c8 (webtiles) character file.

Game seed: 12488208671556795729

399 funkygono the Firebug (level 6, 0/46 HPs)
             Began as a Draconian Fire Elementalist on Dec 22, 2021.
             Slain by an orc wizard (1 damage)
             ... on level 5 of the Dungeon.
             The game lasted 00:05:56 (4390 turns).

funkygono the Firebug (Draconian Fire Elementalist) Turns: 4390, Time: 00:05:58

Health: 0/46       AC:  7    Str: 11    XL:     6   Next: 53%
Magic:  2/11       EV: 12    Int: 17    God:
Gold:   163        SH:  0    Dex: 11    Spells: 6/12 levels left

rFire   . . .      SeeInvis .   e - +2 mace (protect)
rCold   . . .      Faith    .   (no shield)
rNeg    . . .      Spirit   .   (armour unavailable)
rPois   .          Reflect  .   (helmet restricted)
rElec   .          Harm     .   (no cloak)
rCorr   .          Rampage  .   (no gloves)
Will    .....                   k - +0 pair of boots
Stlth   ++........              (no amulet)
HPRegen 0.15/turn               (no ring)
MPRegen 0.12/turn               (no ring)

@: no status effects
A: AC +6, unfitting armour, cold-blooded
a: no special abilities


You were on level 5 of the Dungeon.
You visited 1 branch of the dungeon, and saw 5 of its levels.

You collected 163 gold pieces.

Inventory:

Hand Weapons
 b - a +0 dagger of distortion
 c - a +0 dagger
 e - a +2 mace of protection (weapon)
 m - a +0 falchion
Missiles
 d - 62 stones
Armour
 k - a +0 pair of boots (worn)
Wands
 n - a wand of acid (7)
Scrolls
 j - 3 scrolls of identify
 l - a scroll of teleportation
Potions
 a - a potion of curing
 g - a potion of lignification {unknown}
 h - 2 potions of heal wounds
 i - a potion of flight {unknown}


   Skills:
 + Level 0.6 Fighting
 + Level 0.9 Short Blades
 + Level 2.0 Dodging
 - Level 1.7 Stealth
 * Level 3.6 Spellcasting
 * Level 3.1 Conjurations
 * Level 5.4 Fire Magic


You had 6 spell levels left.
You knew the following spells:

 Your Spells              Type           Power      Damage    Failure   Level
a - Foxfire               Conj/Fire      68%        2x1d7     2%          1
b - Scorch                Fire           42%        2d7       2%          2
c - Conjure Flame         Conj/Fire      17%        6-21      9%          3

Your spell library contained the following spells:

 Spells                   Type           Power      Damage    Failure   Level
 Inner Flame              Hex/Fire       12%        N/A       16%         3
 Ignite Poison            Fire/Tmut/Pois 9%         N/A       24%         3
 Flame Wave               Conj/Fire      17%        2d5       28%         4
 Sticky Flame             Conj/Fire      17%        2d4       28%         4


Dungeon Overview and Level Annotations

Branches:
Dungeon (5/15)
 Temple: D:4-7

Altars:
Fedhas

Annotations:
D:3 2 transporters, psychodelta's ghost, amateur MiFi


Innate Abilities, Weirdness & Mutations

Your plain brown scales are hard. (AC +6)
You cannot fit into any form of body armour.
You are cold-blooded and may be slowed by cold attacks.


Message History

Confirm with . or Enter, or press ? or * to list all spells.
You conjure some foxfire!
The foxfire hits the orc wizard.
The orc wizard is heavily wounded.
The foxfire hits the orc wizard.
The orc wizard is severely wounded.
The orc wizard hits you with a +0 dagger.
Casting: Foxfire (safe; 2% risk of failure)
Confirm with . or Enter, or press ? or * to list all spells.
You conjure some foxfire!
The foxfire hits the orc wizard.
The orc wizard is severely wounded.
The foxfire hits the orc wizard.
The orc wizard is severely wounded.
The orc wizard points at you and mumbles some strange words.
You are confused.
You miss your foxfire.
The foxfire hits the orc wizard.
The orc wizard is almost dead.
The foxfire hits the orc wizard but does no damage.
The orc wizard is almost dead.
The orc wizard casts a spell.
The orc wizard flickers and vanishes!
Deactivating autopickup; reactivate with Ctrl-A.
Something barely misses you.
You barely miss something.
You hear a zap.
A bolt of acid appears from out of thin air!
The bolt of acid hits you!!
* * * LOW HITPOINT WARNING * * *
You completely miss something.
You hear some strange, mumbled words.
A magic dart appears from out of thin air!
The magic dart hits you.
* * * LOW HITPOINT WARNING * * *
You closely miss something.
You feel less confused.
You hear a zap.
A bolt of acid appears from out of thin air!
The bolt of acid hits you.
* * * LOW HITPOINT WARNING * * *
Something hits you.
You die...

##.#.#.# #.....####..
..#.#.#######.........
#.............#.#####
#.........###.#.##
###.........#
#.#..####
###.........###
#.##>o...
..........)##
#.######o
..######{..### #.# .
.......@....# #.# o
########.)#......... .
##...####..#.)..###..
. ##.....##...##.....
. #...>...#.#.# ##....
. #.....).....# #.##
#..........## ..
##.....##### ##.....##


There were no monsters in sight!

Vanquished Creatures
  2 centaurs (D:5)
  A jelly (D:4)
  A hound (D:5)
  An orc wizard (D:5)
  9 adders
  An adder skeleton (D:2)
  A worm (D:2)
  3 dart slugs
  An orc (D:5)
  7 endoplasms
  2 giant cockroaches
  6 hobgoblins
  3 jackals (D:2)
  7 kobolds
  4 quokkas
  6 ball pythons
  4 bats
  3 frilled lizards (D:2)
  5 goblins
  5 rats
72 creatures vanquished.

Vanquished Creatures (others)
  235 foxfires
  A plant (D:1)
236 creatures vanquished.

Grand Total: 308 creatures vanquished

Notes
Turn   | Place    | Note
-------+----------+-------------------------------------------
     0 | D:1      | funkygono the Draconian Fire Elementalist began the quest
                  | for the Orb.
     0 | D:1      | Reached XP level 1. HP: 14/14 MP: 3/3
     2 | D:1      | Noticed a troll
     2 | D:1      | Noticed a dwarf
     4 | D:1      | Noticed a merfolk
     6 | D:1      | Noticed a spriggan
     8 | D:1      | Noticed a vampire
     8 | D:1      | Noticed a human
    10 | D:1      | Noticed a formicid
    12 | D:1      | Noticed a ghoul
    12 | D:1      | Noticed a demonspawn
    14 | D:1      | Noticed a draconian
    14 | D:1      | Noticed a demigod
    16 | D:1      | Noticed a minotaur
    16 | D:1      | Noticed a tengu
    18 | D:1      | Noticed a felid
    18 | D:1      | Noticed a gargoyle
    20 | D:1      | Noticed a naga
    22 | D:1      | Noticed an elf
    22 | D:1      | Noticed an octopode
    24 | D:1      | Noticed a vine stalker
    24 | D:1      | Noticed an ogre
    98 | D:1      | Found a faded altar of an unknown god.
   309 | D:1      | Reached XP level 2. HP: 20/20 MP: 1/5
   965 | D:1      | Reached XP level 3. HP: 26/26 MP: 1/6
   968 | D:1      | Learned a level 2 spell: Scorch
   972 | D:1      | Learned a level 3 spell: Conjure Flame
  1642 | D:2      | Found a blossoming altar of Fedhas.
  1752 | D:2      | Reached skill level 4 in Fire Magic
  2145 | D:3      | Reached XP level 4. HP: 28/33 MP: 3/8
  2782 | D:3      | Found a transporter.
  2782 | D:3      | Found a transporter.
  2783 | D:3      | Noticed psychodelta's ghost (amateur MiFi)
  2785 | D:3      | Identified the +3 giant club of Absolution {antimagic, rC+
                  | Dex+7}
  2785 | D:3      | Noticed an ogre
  2786 | D:3      | Noticed an ogre
  3481 | D:4      | Reached XP level 5. HP: 39/39 MP: 6/9
  4047 | D:5      | Entered Level 5 of the Dungeon
  4081 | D:5      | Noticed a centaur
  4088 | D:5      | Killed a centaur
  4089 | D:5      | Reached skill level 5 in Fire Magic
  4093 | D:5      | Noticed a centaur
  4110 | D:5      | HP: 1/39 [hound (2)]
  4114 | D:5      | Killed a centaur
  4115 | D:5      | Reached XP level 6. HP: 15/46 MP: 4/11
  4390 | D:5      | HP: 1/46 [something/bolt of acid (6)]
  4390 | D:5      | Slain by an orc wizard

Illustrated notes

Levels and vault maps discovered:
D:1:      kb_arrival_jail, layout_basic,
          shapermc_ecumenical_altar_mp_urbaneastern
D:2:      layout_basic, basic_altar
D:3:      layout_loops_corners, gammafunk_ghost_smash, minmay_misc_feat_five,
          kennysheep_generic_room_6
D:4:      layout_rooms
D:5:      layout_rooms, minmay_temple_entry_enclosed_plants

Skill      XL: |  1  2  3  4  5  6 |
---------------+-------------------+-----
Fire Magic     | 4 5 |  5.4
Conjurations   | 2 3 |  3.1
Spellcasting   | 3 |  3.6
Dodging        | 2 |  2.0
Fighting       | |  0.6
Short Blades   | |  0.9
Stealth        | |  1.7

Action                   |  1- 3 |  4- 6 || total
-------------------------+-------+-------++-------
Melee: Dagger            |    30 |     1 ||    31
       Mace              |       |    23 ||    23
       Tailslap          |       |     2 ||     2
 Cast: Foxfire           |    72 |    66 ||   138
  Use: Scroll            |     4 |     3 ||     7
       Potion            |       |     3 ||     3
 Stab: Sleeping          |     2 |       ||     2
Armor: Skin              |     9 |    35 ||    44
Dodge: Dodged            |    19 |    55 ||    74

Table legend: (Time is in decaauts)
 A = Elapsed time spent in this place.
 B = Non-inter-level travel time spent in this place.
 C = Inter-level travel time spent in this place.
 D = Time resting spent in this place.
 E = Time spent auto-exploring this place.
 F = Levels seen in this place.
 G = Mean time per level.
                   A        B        C        D        E       F      G
               +--------+--------+--------+--------+--------+-----+--------+
         Total |   4396 |   4291 |    105 |    133 |   3543 |   5 |  879.2 |
       Dungeon |   4396 |   4291 |    105 |    133 |   3543 |   5 |  879.2 |
               +--------+--------+--------+--------+--------+-----+--------+

Top non-repeatable levels by time:
     D:3: 1198 daAuts
     D:1: 1110 daAuts
     D:2: 941 daAuts
     D:4: 795 daAuts
     D:5: 350 daAuts
